Condors vs Sound Tigers
Created - November 26, 2023 at 19:41
Goals
|
| Condors |
3 |
1 |
2 |
6 |
| Sound Tigers |
1 |
0 |
1 |
2 |
|
Shots
|
| Condors |
17 |
10 |
8 |
35 |
| Sound Tigers |
13 |
9 |
7 |
29 |
|
1st period
1. Condors , Phil McRae 6 (Kailer Yamamoto 7, Zac Leslie 15) at 5:27
2. Condors , Adam Erne 16 (Nick Shore 20, Patrik Laine 17) at 5:39
3. Condors , Zac Leslie 3 (Phil McRae 10, Alexandre Carrier 13) at 17:52
4. Sound Tigers , Joe Labate 8 (Jordan Greenway 18, Austin Watson 11) at 18:53
Penalties :
Kailer Yamamoto (Bak) for Holding (Minor) at 14:15
2nd period
5. Condors , Kailer Yamamoto 11 (Jason Robertson 8, Phil McRae 11) at 8:00
Penalties :
Zac Leslie (Bak) for Hooking (Minor) at 10:06
3rd period
6. Condors , Zac Leslie 4 (Nick Shore 21, Alexandre Carrier 14) at 0:11
7. Condors , Adam Erne 17 (Nick Shore 22, Alexandre Carrier 15) at 8:12
8. Sound Tigers , Rhett Gardner 5 (Alex Belzile 9, Jakub Galvas 2) at 11:27
Penalties :
Alexander Alexeyev (Bak) for Roughing (Minor) at 2:57, Jordan Greenway (BRI) for Tripping (Minor) at 11:30, Simon Benoit (BRI) for Holding (Minor) at 18:29
Goalie Stats
Garret Sparks (Bak), 27 saves from 29 shots - (0.931), W, 9-5-0, 60:00 minutes
Charlie Lindgren (BRI), 29 saves from 35 shots - (0.829), L, 11-6-0, 60:00 minutes
Players Stats for Condors
Player Name G A P +/- PIM S H SB GA TA FO MP PP MP PK MP
------------------------------------------------------------------------------------
Adam Erne 2 0 2 3 0 6 1 0 2 0 2/5 21:00 1:44 3:06
Alexander Alexeyev 0 0 0 0 2 0 0 0 0 0 0/0 10:16 0:00 0:53
Alexandre Carrier 0 3 3 5 0 1 2 0 0 0 0/0 25:17 1:46 3:13
Cole Fonstad 0 0 0 0 0 0 1 0 0 0 0/0 8:17 0:00 0:00
Connor Hurley 0 0 0 -1 0 2 0 0 0 0 4/5 11:00 0:17 0:00
Emil Djuse 0 0 0 -1 0 1 1 2 0 1 0/0 12:53 0:00 0:21
Gustav Olofsson 0 0 0 0 0 0 2 2 0 0 0/0 20:18 1:43 2:44
Jason Robertson 0 1 1 2 0 5 3 0 2 0 0/0 18:27 1:28 1:39
Jordan Subban 0 0 0 -1 0 0 1 1 0 0 0/0 5:30 0:00 0:00
Kailer Yamamoto 1 1 2 2 2 2 2 1 0 0 1/2 15:58 1:28 0:00
Kiefer Sherwood 0 0 0 -1 0 1 0 0 1 1 1/1 10:41 0:00 0:00
Nick Shore 0 3 3 3 0 5 1 0 0 0 17/27 20:55 1:44 3:01
Patrik Laine 0 1 1 3 0 3 2 0 1 1 0/0 17:54 1:44 0:00
Phil McRae 1 2 3 2 0 1 2 0 0 1 10/14 18:27 1:28 1:39
Philippe Myers 0 0 0 0 0 0 3 2 1 0 0/0 19:08 1:43 2:23
Pontus Holmberg 0 0 0 0 0 1 0 0 0 0 0/0 8:36 0:17 0:00
Ryan McLeod 0 0 0 0 0 0 2 0 0 1 1/2 9:42 0:00 1:21
Taro Hirose 0 0 0 -1 0 3 1 0 0 1 0/0 12:12 0:17 1:08
Zac Leslie 2 1 3 5 2 4 2 2 0 3 0/0 27:29 1:46 2:20
Players Stats for Sound Tigers
Player Name G A P +/- PIM S H SB GA TA FO MP PP MP PK MP
------------------------------------------------------------------------------------
Alex Belzile 0 1 1 0 0 5 0 0 1 0 0/2 16:07 2:57 0:00
Alexander Yelesin 0 0 0 -2 0 0 1 0 0 2 0/0 19:59 3:23 1:15
Austin Watson 0 1 1 -3 0 1 2 1 0 1 0/0 18:48 2:58 0:00
Ben Johnson 0 0 0 -1 0 1 2 0 2 0 6/9 13:17 0:00 1:24
Ben Thomson 0 0 0 0 0 2 4 0 0 0 0/0 17:26 2:57 1:19
Brett Connolly 0 0 0 -1 0 1 1 1 0 0 0/0 12:44 0:02 0:00
Filip Zadina 0 0 0 0 0 1 0 0 1 0 0/0 10:29 0:02 0:49
Gabriel Carlsson 0 0 0 -3 0 2 1 0 3 0 0/0 25:40 2:34 2:14
Garret Pilon 0 0 0 0 0 0 1 1 0 0 1/3 8:49 0:00 0:00
Jakub Galvas 0 1 1 1 0 1 0 1 0 1 0/0 14:21 0:00 0:00
Joe Labate 1 0 1 -3 0 2 2 1 0 0 10/31 20:23 2:58 1:35
Jordan Greenway 0 1 1 -3 2 3 4 0 0 0 0/0 19:33 2:58 0:43
Nick Blankenburg 0 0 0 -2 0 0 1 1 1 1 0/0 19:59 3:23 1:15
Oliver Kylington 0 0 0 -3 0 1 2 1 1 2 0/0 25:40 2:34 2:14
Rhett Gardner 1 0 1 0 0 2 3 1 0 0 3/11 16:40 2:57 0:30
Ross Colton 0 0 0 0 0 1 1 0 0 0 0/0 9:40 0:02 0:00
Simon Benoit 0 0 0 1 2 1 0 2 0 0 0/0 14:20 0:00 0:00
Tyrell Goulbourne 0 0 0 -1 0 5 0 0 0 0 0/0 12:34 0:00 0:38
3 Stars
1 - Zac Leslie (Bak)
2 - Alexandre Carrier (Bak)
3 - Adam Erne (Bak)
Power Play
Condors - 0 on 2 Attempt(s) - 0.00%
Sound Tigers - 0 on 3 Attempt(s) - 0.00%
Penalty Kill
Condors - 3 on 3 Attempt(s) - 100.00%
- Score 0 goal in Penalty Kill
Sound Tigers - 2 on 2 Attempt(s) - 100.00%
- Score 0 goal in Penalty Kill
Team Stat
Condors - Hits : 26 - Faceoff Wins : 36 - Blocked Shots : 10 - Penalty Minutes : 6
Sound Tigers - Hits : 25 - Faceoff Wins : 20 - Blocked Shots : 10 - Penalty Minutes : 4
Official
Referees : Brad Meier and Brandon Blandina
Linesman : Steve Miller and Scott Cherrey
Game Notes
Jordan Subban is injured at 7:29 of 2nd period (Strained Left Elbow)
Finance
Level 1 -- Attendance: 2000 (100.00%) -- Ticket Income $140,000
Level 2 -- Attendance: 870 (87.00%) -- Ticket Income $34,800
Total Attendance: 2870 (95.67%)
Total Ticket Income: $174,800
Other Income: $8,740
Total Income: $183,540
Condors
5 vs 5 Forward
Center Left Wing Right Wing Time % Phy DF OF
1 Nick Shore Adam Erne Patrik Laine 40 1 2 2
2 Phil McRae Jason Robertson Kailer Yamamoto 30 1 2 2
3 Connor Hurley Taro Hirose Kiefer Sherwood 20 1 2 2
4 Ryan McLeod Cole Fonstad Pontus Holmberg 10 1 2 2
5 vs 5 Defense
Defense Defense Time % Phy DF OF
1 Zac Leslie Alexandre Carrier 40 1 2 2
2 Philippe Myers Gustav Olofsson 30 1 2 2
3 Emil Djuse Jordan Subban 20 1 2 2
4 Alexander Alexeyev Zac Leslie 10 1 2 2
PowerPlay Forward
Center Left Wing Right Wing Time % Phy DF OF
1 Nick Shore Adam Erne Patrik Laine 60 1 2 2
2 Phil McRae Jason Robertson Kailer Yamamoto 40 1 2 2
PowerPlay Defense
Defense Defense Time % Phy DF OF
1 Zac Leslie Alexandre Carrier 60 1 2 2
2 Philippe Myers Gustav Olofsson 40 1 2 2
Penalty Kill 4 Players Forward
Center Wing Time % Phy DF OF
1 Adam Erne Nick Shore 60 1 2 2
2 Phil McRae Jason Robertson 40 1 2 2
Penalty Kill 4 Players Defense
Defense Defense Time % Phy DF OF
1 Zac Leslie Alexandre Carrier 60 1 2 2
2 Philippe Myers Gustav Olofsson 40 1 2 2
Penalty Kill - 3 Players Forward
Forward Time % Phy DF OF
1 Adam Erne 60 1 2 2
2 Nick Shore 40 1 2 2
Penalty Kill - 3 Players Defense
Defense Defense Time % Phy DF OF
1 Zac Leslie Alexandre Carrier 60 1 2 2
2 Philippe Myers Gustav Olofsson 40 1 2 2
4 vs 4 Forward
Center Wing Time % Phy DF OF
1 Adam Erne Nick Shore 60 1 2 2
2 Phil McRae Jason Robertson 40 1 2 2
4 vs 4 Defense
Defense Defense Time % Phy DF OF
1 Zac Leslie Alexandre Carrier 60 1 2 2
2 Philippe Myers Gustav Olofsson 40 1 2 2
Last Minutes Offensive
Center Left Wing Right Wing Defense Defense
Nick Shore Adam Erne Patrik Laine Zac Leslie Alexandre Carrier
Last Minutes Defensive
Center Left Wing Right Wing Defense Defense
Nick Shore Adam Erne Patrik Laine Zac Leslie Alexandre Carrier
Goaltenders
Starting : Garret Sparks
Backup : Stuart Skinner
Extra Forwards
Normal : Taro Hirose, Connor Hurley, Jason Robertson - PP : Taro Hirose, Connor Hurley - PK : Ryan McLeod
Extra Defensemen
Normal : Emil Djuse, Jordan Subban, Alexander Alexeyev - PP : Emil Djuse - PK : Jordan Subban, Alexander Alexeyev
Penalty Shots
Adam Erne, Nick Shore, Phil McRae, Jason Robertson, Patrik Laine
Custom OT Lines Forwards
Adam Erne, Nick Shore, Phil McRae, Jason Robertson, Patrik Laine, Kailer Yamamoto, Taro Hirose, Connor Hurley, Ryan McLeod, Pontus Holmberg
Custom OT Lines Defensemen
Zac Leslie, Alexandre Carrier, Philippe Myers, Gustav Olofsson, Emil Djuse
Scratches
Brett Lernout (Fractured Metatarsal (Left Foot) Injury), Cole Cassels (Healthy), Colin White (Healthy), Semyon Der-Arguchintsev (Healthy), Jeremy Gregoire (Healthy)
Robin Salo (Healthy), Filip Kral (Healthy), Remi Elie (Healthy), Filip Johansson (Healthy), Nikolai Knyzhov (Healthy)
Lucas Johansen (Healthy), Jack Perbix (Healthy), Jaxson Stauber (Healthy)
Sound Tigers
5 vs 5 Forward
Center Left Wing Right Wing Time % Phy DF OF
1 Joe Labate Jordan Greenway Austin Watson 40 1 2 2
2 Rhett Gardner Ben Thomson Alex Belzile 30 1 2 2
3 Ben Johnson Tyrell Goulbourne Brett Connolly 20 1 2 2
4 Garret Pilon Filip Zadina Ross Colton 10 1 2 2
5 vs 5 Defense
Defense Defense Time % Phy DF OF
1 Gabriel Carlsson Oliver Kylington 40 1 2 2
2 Nick Blankenburg Alexander Yelesin 30 1 2 2
3 Jakub Galvas Simon Benoit 20 1 2 2
4 Gabriel Carlsson Oliver Kylington 10 1 2 2
PowerPlay Forward
Center Left Wing Right Wing Time % Phy DF OF
1 Joe Labate Jordan Greenway Austin Watson 60 1 2 2
2 Rhett Gardner Ben Thomson Alex Belzile 40 1 2 2
PowerPlay Defense
Defense Defense Time % Phy DF OF
1 Gabriel Carlsson Oliver Kylington 60 1 2 2
2 Nick Blankenburg Alexander Yelesin 40 1 2 2
Penalty Kill 4 Players Forward
Center Wing Time % Phy DF OF
1 Joe Labate Jordan Greenway 60 1 2 2
2 Rhett Gardner Ben Thomson 40 1 2 2
Penalty Kill 4 Players Defense
Defense Defense Time % Phy DF OF
1 Gabriel Carlsson Oliver Kylington 60 1 2 2
2 Nick Blankenburg Alexander Yelesin 40 1 2 2
Penalty Kill - 3 Players Forward
Forward Time % Phy DF OF
1 Joe Labate 60 1 2 2
2 Rhett Gardner 40 1 2 2
Penalty Kill - 3 Players Defense
Defense Defense Time % Phy DF OF
1 Gabriel Carlsson Oliver Kylington 60 1 2 2
2 Nick Blankenburg Alexander Yelesin 40 1 2 2
4 vs 4 Forward
Center Wing Time % Phy DF OF
1 Joe Labate Jordan Greenway 60 1 2 2
2 Rhett Gardner Ben Thomson 40 1 2 2
4 vs 4 Defense
Defense Defense Time % Phy DF OF
1 Gabriel Carlsson Oliver Kylington 60 1 2 2
2 Nick Blankenburg Alexander Yelesin 40 1 2 2
Last Minutes Offensive
Center Left Wing Right Wing Defense Defense
Joe Labate Jordan Greenway Austin Watson Gabriel Carlsson Oliver Kylington
Last Minutes Defensive
Center Left Wing Right Wing Defense Defense
Joe Labate Jordan Greenway Austin Watson Gabriel Carlsson Oliver Kylington
Goaltenders
Starting : Charlie Lindgren
Backup : Chris Driedger
Extra Forwards
Normal : Joe Labate, Brett Connolly, Ross Colton - PP : Joe Labate, Brett Connolly - PK : Joe Labate
Extra Defensemen
Normal : Alexander Yelesin, Jakub Galvas, Simon Benoit - PP : Alexander Yelesin - PK : Alexander Yelesin, Jakub Galvas
Penalty Shots
Jordan Greenway, Ben Thomson, Austin Watson, Alex Belzile, Joe Labate
Custom OT Lines Forwards
Jordan Greenway, Ben Thomson, Austin Watson, Alex Belzile, Joe Labate, Brett Connolly, Ross Colton, Rhett Gardner, Tyrell Goulbourne, Ben Johnson
Custom OT Lines Defensemen
Gabriel Carlsson, Oliver Kylington, Nick Blankenburg, Alexander Yelesin, Jakub Galvas
Scratches
Connor Dewar (Healthy), Alex Steeves (Healthy), Pavel Kraskovsky (Sore Right Knee Injury), Noah Cates (Healthy), Slater Koekkoek (Healthy)
Casey Staum (Healthy), Cole Koepke (Healthy), Sean Maguire (Healthy)
% Time on Ice - Condors
Lines # - Real PCT - Wanted PCT - Time Play
Normal Forward
1 - 32% - 40% - 16:16
2 - 30% - 30% - 15:20
3 - 21% - 20% - 10:41
4 - 16% - 10% - 8:17
Normal Defense
1 - 38% - 40% - 18:59
2 - 30% - 30% - 15:02
3 - 23% - 20% - 11:43
4 - 10% - 10% - 4:50
PP Forward
1 - 58% - 60% - 2:01
2 - 42% - 40% - 1:28
PP Defense
1 - 51% - 60% - 1:46
2 - 49% - 40% - 1:43
PK Forward
1 - 72% - 60% - 4:18
2 - 28% - 40% - 1:39
PK Defense
1 - 60% - 60% - 3:34
2 - 40% - 40% - 2:23
PK3 Forward
1 - 0% - 60%
2 - 0% - 40%
PK3 Defense
1 - 0% - 60%
2 - 0% - 40%
44 Forward
1 - 0% - 60%
2 - 0% - 40%
44 Defense
1 - 0% - 60%
2 - 0% - 40%
Last Minute Offensive - 0:00
Last Minute Defensive - 0:00
Total
Forward - 60:00
Defense - 60:00
|
% Time on Ice - Sound Tigers
Lines # - Real PCT - Wanted PCT - Time Play
Normal Forward
1 - 33% - 40% - 16:42
2 - 26% - 30% - 13:10
3 - 24% - 20% - 11:53
4 - 17% - 10% - 8:49
Normal Defense
1 - 35% - 40% - 17:35
2 - 30% - 30% - 15:21
3 - 28% - 20% - 14:21
4 - 6% - 10% - 3:17
PP Forward
1 - 50% - 60% - 3:00
2 - 50% - 40% - 2:57
PP Defense
1 - 43% - 60% - 2:34
2 - 57% - 40% - 3:23
PK Forward
1 - 97% - 60% - 3:22
2 - 3% - 40% - 0:07
PK Defense
1 - 64% - 60% - 2:14
2 - 36% - 40% - 1:15
PK3 Forward
1 - 0% - 60%
2 - 0% - 40%
PK3 Defense
1 - 0% - 60%
2 - 0% - 40%
44 Forward
1 - 0% - 60%
2 - 0% - 40%
44 Defense
1 - 0% - 60%
2 - 0% - 40%
Last Minute Offensive - 0:00
Last Minute Defensive - 0:00
Total
Forward - 60:00
Defense - 60:00
|
Play-by-Play
1st period
0:01 of 1st period - Nick Shore wins face-off versus Joe Labate in neutral zone.
0:36 of 1st period - Off-side.
0:37 of 1st period - Connor Hurley wins face-off versus Ben Johnson in neutral zone.
0:42 of 1st period - Icing by Jakub Galvas.
0:43 of 1st period - Connor Hurley wins face-off versus Ben Johnson in Sound Tigers zone.
2:02 of 1st period - Slapshot by Ben Thomson.
2:02 of 1st period - Deflect By Jordan Subban.
2:02 of 1st period - Stopped by Garret Sparks without a rebound.
2:03 of 1st period - Phil McRae wins face-off versus Rhett Gardner in Condors zone.
2:36 of 1st period - Patrik Laine is hit by Austin Watson and loses puck.
3:15 of 1st period - Slapshot by Ryan McLeod.
3:15 of 1st period - Deflect By Pontus Holmberg.
3:15 of 1st period - Stopped by Charlie Lindgren without a rebound.
3:16 of 1st period - Joe Labate wins face-off versus Nick Shore in Sound Tigers zone.
3:27 of 1st period - Snap shot by Jordan Greenway.
3:27 of 1st period - Shot Blocked by Emil Djuse.
3:29 of 1st period - Wrist shot by Austin Watson.
3:29 of 1st period - Shot Misses the Net.
3:43 of 1st period - Alexander Yelesin is hit by Kailer Yamamoto and loses puck.
3:50 of 1st period - Wrist shot by Kailer Yamamoto.
3:50 of 1st period - Shot Misses the Net.
4:12 of 1st period - Slapshot by Oliver Kylington.
4:12 of 1st period - Shot Blocked by Emil Djuse.
4:55 of 1st period - Adam Erne is hit by Jordan Greenway and loses puck.
5:06 of 1st period - Gustav Olofsson is hit by Rhett Gardner and loses puck.
5:17 of 1st period - Wrist shot by Nick Shore.
5:17 of 1st period - Stopped by Charlie Lindgren without a rebound.
5:18 of 1st period - Ben Johnson wins face-off versus Phil McRae in Sound Tigers zone.
5:25 of 1st period - Wrist shot by Kailer Yamamoto.
5:25 of 1st period - Shot Misses the Net.
5:27 of 1st period - Slapshot by Phil McRae.
5:27 of 1st period - Goal by Phil McRae - Condors : 1 - Sound Tigers : 0.
5:28 of 1st period - Nick Shore wins face-off versus Joe Labate in neutral zone.
5:37 of 1st period - Snap shot by Adam Erne.
5:37 of 1st period - Deflect By Nick Shore.
5:37 of 1st period - Stopped by Charlie Lindgren with a rebound.
5:39 of 1st period - Wrist shot by Adam Erne.
5:39 of 1st period - Goal by Adam Erne - Condors : 2 - Sound Tigers : 0.
5:40 of 1st period - Phil McRae wins face-off versus Joe Labate in neutral zone.
6:07 of 1st period - Oliver Kylington is hit by Adam Erne and loses puck.
6:28 of 1st period - Slapshot by Kiefer Sherwood.
6:28 of 1st period - Stopped by Charlie Lindgren without a rebound.
6:29 of 1st period - Ben Johnson wins face-off versus Connor Hurley in Sound Tigers zone.
6:38 of 1st period - Snap shot by Taro Hirose.
6:38 of 1st period - Shot Misses the Net.
6:40 of 1st period - Slapshot by Emil Djuse.
6:40 of 1st period - Stopped by Charlie Lindgren without a rebound.
6:41 of 1st period - Phil McRae wins face-off versus Joe Labate in Sound Tigers zone.
6:44 of 1st period - Snap shot by Jason Robertson.
6:44 of 1st period - Stopped by Charlie Lindgren with a rebound.
6:54 of 1st period - Wrist shot by Jordan Greenway.
6:54 of 1st period - Shot Blocked by Philippe Myers.
7:06 of 1st period - Oliver Kylington is hit by Patrik Laine and loses puck.
7:13 of 1st period - Wrist shot by Ben Thomson.
7:13 of 1st period - Shot Blocked by Gustav Olofsson.
7:15 of 1st period - Backhand shot by Rhett Gardner.
7:15 of 1st period - Shot Blocked by Philippe Myers.
7:31 of 1st period - Philippe Myers is hit by Alexander Yelesin and loses puck.
7:50 of 1st period - Snap shot by Tyrell Goulbourne.
7:50 of 1st period - Stopped by Garret Sparks without a rebound.
7:51 of 1st period - Ben Johnson wins face-off versus Ryan McLeod in Condors zone.
8:26 of 1st period - Gabriel Carlsson is hit by Alexandre Carrier.
8:27 of 1st period - Icing by Gabriel Carlsson.
8:28 of 1st period - Ben Johnson wins face-off versus Nick Shore in Sound Tigers zone.
8:28 of 1st period - Ben Johnson is hit by Jordan Subban.
8:38 of 1st period - Snap shot by Tyrell Goulbourne.
8:38 of 1st period - Deflect By Brett Connolly.
8:38 of 1st period - Stopped by Garret Sparks without a rebound.
8:39 of 1st period - Phil McRae wins face-off versus Joe Labate in Condors zone.
8:48 of 1st period - Wrist shot by Jordan Greenway.
8:48 of 1st period - Shot Blocked by Kailer Yamamoto.
9:00 of 1st period - Alexander Yelesin is hit by Alexandre Carrier and loses puck.
9:11 of 1st period - Wrist shot by Kiefer Sherwood.
9:11 of 1st period - Shot Misses the Net.
9:23 of 1st period - Snap shot by Joe Labate.
9:23 of 1st period - Stopped by Garret Sparks with a rebound.
9:40 of 1st period - Icing by Joe Labate.
9:41 of 1st period - Nick Shore wins face-off versus Joe Labate in Sound Tigers zone.
10:14 of 1st period - Slapshot by Rhett Gardner.
10:14 of 1st period - Stopped by Garret Sparks without a rebound.
10:15 of 1st period - Nick Shore wins face-off versus Rhett Gardner in Condors zone.
10:22 of 1st period - Snap shot by Nick Shore.
10:22 of 1st period - Stopped by Charlie Lindgren with a rebound.
10:24 of 1st period - Wrist shot by Adam Erne.
10:24 of 1st period - Stopped by Charlie Lindgren with a rebound.
10:26 of 1st period - Snap shot by Patrik Laine.
10:26 of 1st period - Shot Misses the Net.
10:28 of 1st period - Slapshot by Nick Shore.
10:28 of 1st period - Stopped by Charlie Lindgren with a rebound.
10:30 of 1st period - Snap shot by Adam Erne.
10:30 of 1st period - Stopped by Charlie Lindgren with a rebound.
11:05 of 1st period - Wrist shot by Filip Zadina.
11:05 of 1st period - Shot Misses the Net.
11:15 of 1st period - Garret Pilon is hit by Phil McRae and loses puck.
11:30 of 1st period - Snap shot by Ben Johnson.
11:30 of 1st period - Shot Blocked by Zac Leslie.
11:32 of 1st period - Snap shot by Tyrell Goulbourne.
11:32 of 1st period - Stopped by Garret Sparks with a rebound.
11:34 of 1st period - Slapshot by Tyrell Goulbourne.
11:34 of 1st period - Shot Misses the Net.
11:36 of 1st period - Backhand shot by Simon Benoit.
11:36 of 1st period - Shot Blocked by Zac Leslie.
11:54 of 1st period - Wrist shot by Zac Leslie.
11:54 of 1st period - Shot Blocked by Jakub Galvas.
12:18 of 1st period - Jordan Subban is hit by Austin Watson.
12:56 of 1st period - Snap shot by Patrik Laine.
12:56 of 1st period - Stopped by Charlie Lindgren without a rebound.
12:57 of 1st period - Ben Johnson wins face-off versus Nick Shore in Sound Tigers zone.
13:06 of 1st period - Slapshot by Tyrell Goulbourne.
13:06 of 1st period - Stopped by Garret Sparks with a rebound.
13:12 of 1st period - Brett Connolly is hit by Emil Djuse and loses puck.
14:03 of 1st period - Wrist shot by Ben Johnson.
14:03 of 1st period - Stopped by Garret Sparks without a rebound.
14:04 of 1st period - Phil McRae wins face-off versus Joe Labate in Condors zone.
14:08 of 1st period - Off-side.
14:09 of 1st period - Phil McRae wins face-off versus Joe Labate in neutral zone.
14:15 of 1st period - Minor Penalty to Kailer Yamamoto for Holding.
14:16 of 1st period - Adam Erne wins face-off versus Joe Labate in Condors zone.
15:52 of 1st period - Snap shot by Alex Belzile.
15:52 of 1st period - Shot Hit the Post.
15:58 of 1st period - Snap shot by Alex Belzile.
15:58 of 1st period - Stopped by Garret Sparks without a rebound.
15:59 of 1st period - Adam Erne wins face-off versus Joe Labate in Condors zone.
16:08 of 1st period - Snap shot by Jordan Greenway.
16:08 of 1st period - Shot Misses the Net.
16:10 of 1st period - Slapshot by Oliver Kylington.
16:10 of 1st period - Stopped by Garret Sparks with a rebound.
16:12 of 1st period - Snap shot by Joe Labate.
16:12 of 1st period - Shot Misses the Net.
16:14 of 1st period - Slapshot by Gabriel Carlsson.
16:14 of 1st period - Shot Blocked by Gustav Olofsson.
16:15 of 1st period - Penalty to Kailer Yamamoto is over, Kailer Yamamoto is back on ice.
16:24 of 1st period - Philippe Myers is hit by Oliver Kylington and loses puck.
17:11 of 1st period - Off-side.
17:12 of 1st period - Ryan McLeod wins face-off versus Garret Pilon in neutral zone.
17:16 of 1st period - Off-side.
17:17 of 1st period - Garret Pilon wins face-off versus Nick Shore in neutral zone.
17:24 of 1st period - Wrist shot by Nick Shore.
17:24 of 1st period - Shot Blocked by Garret Pilon.
17:46 of 1st period - Slapshot by Alexandre Carrier.
17:46 of 1st period - Stopped by Charlie Lindgren with a rebound.
17:48 of 1st period - Slapshot by Alexandre Carrier.
17:48 of 1st period - Shot Misses the Net.
17:50 of 1st period - Slapshot by Phil McRae.
17:50 of 1st period - Shot Misses the Net.
17:52 of 1st period - Snap shot by Zac Leslie.
17:52 of 1st period - Goal by Zac Leslie - Condors : 3 - Sound Tigers : 0.
17:53 of 1st period - Nick Shore wins face-off versus Rhett Gardner in neutral zone.
18:03 of 1st period - Wrist shot by Alex Belzile.
18:03 of 1st period - Shot Misses the Net.
18:05 of 1st period - Snap shot by Alex Belzile.
18:05 of 1st period - Stopped by Garret Sparks without a rebound.
18:06 of 1st period - Phil McRae wins face-off versus Joe Labate in Condors zone.
18:51 of 1st period - Snap shot by Jordan Greenway.
18:51 of 1st period - Shot Misses the Net.
18:53 of 1st period - Slapshot by Joe Labate.
18:53 of 1st period - Goal by Joe Labate - Condors : 3 - Sound Tigers : 1.
18:54 of 1st period - Nick Shore wins face-off versus Rhett Gardner in neutral zone.
18:57 of 1st period - Backhand shot by Patrik Laine.
18:57 of 1st period - Shot Blocked by Nick Blankenburg.
19:05 of 1st period - Snap shot by Rhett Gardner.
19:05 of 1st period - Deflect By Ben Thomson.
19:05 of 1st period - Stopped by Garret Sparks without a rebound.
19:06 of 1st period - Nick Shore wins face-off versus Alex Belzile in Condors zone.
19:13 of 1st period - Snap shot by Patrik Laine.
19:13 of 1st period - Deflect By Adam Erne.
19:13 of 1st period - Stopped by Charlie Lindgren with a rebound.
19:39 of 1st period - Snap shot by Kailer Yamamoto.
19:39 of 1st period - Shot Blocked by Joe Labate.
19:58 of 1st period - Snap shot by Connor Hurley.
19:58 of 1st period - Deflect By Nick Blankenburg.
19:58 of 1st period - Stopped by Charlie Lindgren with a rebound.
Goals for this period are 3 for Condors vs 1 for Sound Tigers.
Shots for this period are 17 for Condors vs 13 for Sound Tigers.
2nd period
0:01 of 2nd period - Nick Shore wins face-off versus Rhett Gardner in neutral zone.
0:26 of 2nd period - Jordan Greenway is hit by Kailer Yamamoto and loses puck.
0:32 of 2nd period - Icing by Gabriel Carlsson.
0:33 of 2nd period - Joe Labate wins face-off versus Phil McRae in Sound Tigers zone.
0:46 of 2nd period - Gabriel Carlsson is hit by Phil McRae and loses puck.
1:14 of 2nd period - Wrist shot by Jordan Greenway.
1:14 of 2nd period - Shot Misses the Net.
1:25 of 2nd period - Off-side.
1:26 of 2nd period - Rhett Gardner wins face-off versus Nick Shore in neutral zone.
1:35 of 2nd period - Nick Blankenburg is hit by Zac Leslie and loses puck.
1:57 of 2nd period - Wrist shot by Patrik Laine.
1:57 of 2nd period - Stopped by Charlie Lindgren without a rebound.
1:58 of 2nd period - Ben Johnson wins face-off versus Phil McRae in Sound Tigers zone.
2:11 of 2nd period - Wrist shot by Jason Robertson.
2:11 of 2nd period - Stopped by Charlie Lindgren with a rebound.
3:11 of 2nd period - Pontus Holmberg is hit by Nick Blankenburg.
3:53 of 2nd period - Emil Djuse is hit by Gabriel Carlsson and loses puck.
4:36 of 2nd period - Zac Leslie is hit by Oliver Kylington and loses puck.
5:02 of 2nd period - Phil McRae is hit by Ross Colton and loses puck.
5:35 of 2nd period - Wrist shot by Alex Belzile.
5:35 of 2nd period - Stopped by Garret Sparks with a rebound.
5:37 of 2nd period - Wrist shot by Jordan Greenway.
5:37 of 2nd period - Stopped by Garret Sparks with a rebound.
5:39 of 2nd period - Backhand shot by Simon Benoit.
5:39 of 2nd period - Deflect By Adam Erne.
5:39 of 2nd period - Stopped by Garret Sparks with a rebound.
5:55 of 2nd period - Philippe Myers is hit by Ben Johnson.
6:05 of 2nd period - Ben Johnson is hit by Cole Fonstad and loses puck.
6:37 of 2nd period - Icing by Alexander Yelesin.
6:38 of 2nd period - Connor Hurley wins face-off versus Garret Pilon in Sound Tigers zone.
7:05 of 2nd period - Snap shot by Ross Colton.
7:05 of 2nd period - Shot Misses the Net.
7:07 of 2nd period - Wrist shot by Ross Colton.
7:07 of 2nd period - Stopped by Garret Sparks without a rebound.
7:08 of 2nd period - Nick Shore wins face-off versus Rhett Gardner in Condors zone.
7:17 of 2nd period - Snap shot by Ben Thomson.
7:17 of 2nd period - Deflect By Alex Belzile.
7:17 of 2nd period - Shot Blocked by Jordan Subban.
7:17 of 2nd period - Puck is out of play.
7:18 of 2nd period - Nick Shore wins face-off versus Alex Belzile in Condors zone.
7:28 of 2nd period - Jordan Subban is hit by Rhett Gardner and loses puck.
7:29 of 2nd period - Jordan Subban from Condors is injured at 7:29 of 2nd period (Strained Left Elbow).
7:30 of 2nd period - Nick Shore wins face-off versus Joe Labate in Condors zone.
7:30 of 2nd period - Nick Shore is hit by Joe Labate.
7:42 of 2nd period - Slapshot by Adam Erne.
7:42 of 2nd period - Shot Blocked by Austin Watson.
7:44 of 2nd period - Slapshot by Zac Leslie.
7:44 of 2nd period - Deflect By Jordan Greenway.
7:44 of 2nd period - Stopped by Charlie Lindgren without a rebound.
7:45 of 2nd period - Rhett Gardner wins face-off versus Phil McRae in Sound Tigers zone.
7:50 of 2nd period - Snap shot by Jason Robertson.
7:50 of 2nd period - Stopped by Charlie Lindgren with a rebound.
7:52 of 2nd period - Snap shot by Jason Robertson.
7:52 of 2nd period - Shot Misses the Net.
7:54 of 2nd period - Snap shot by Kailer Yamamoto.
7:54 of 2nd period - Stopped by Charlie Lindgren without a rebound.
7:55 of 2nd period - Phil McRae wins face-off versus Rhett Gardner in Sound Tigers zone.
7:58 of 2nd period - Wrist shot by Jason Robertson.
7:58 of 2nd period - Shot Misses the Net.
8:00 of 2nd period - Snap shot by Kailer Yamamoto.
8:00 of 2nd period - Goal by Kailer Yamamoto - Condors : 4 - Sound Tigers : 1.
8:01 of 2nd period - Joe Labate wins face-off versus Nick Shore in neutral zone.
8:16 of 2nd period - Snap shot by Adam Erne.
8:16 of 2nd period - Shot Misses the Net.
8:26 of 2nd period - Gabriel Carlsson is hit by Jason Robertson and loses puck.
8:31 of 2nd period - Snap shot by Jason Robertson.
8:31 of 2nd period - Shot Blocked by Oliver Kylington.
8:33 of 2nd period - Slapshot by Phil McRae.
8:33 of 2nd period - Shot Blocked by Rhett Gardner.
8:49 of 2nd period - Slapshot by Oliver Kylington.
8:49 of 2nd period - Shot Misses the Net.
8:51 of 2nd period - Snap shot by Gabriel Carlsson.
8:51 of 2nd period - Stopped by Garret Sparks with a rebound.
9:28 of 2nd period - Adam Erne is hit by Jordan Greenway and loses puck.
9:33 of 2nd period - Snap shot by Jordan Greenway.
9:33 of 2nd period - Stopped by Garret Sparks with a rebound.
9:35 of 2nd period - Snap shot by Joe Labate.
9:35 of 2nd period - Shot Misses the Net.
9:57 of 2nd period - Phil McRae is hit by Ben Thomson and loses puck.
10:06 of 2nd period - Minor Penalty to Zac Leslie for Hooking.
10:07 of 2nd period - Joe Labate wins face-off versus Adam Erne in Condors zone.
12:06 of 2nd period - Penalty to Zac Leslie is over, Zac Leslie is back on ice.
12:15 of 2nd period - Gabriel Carlsson is hit by Jason Robertson and loses puck.
12:28 of 2nd period - Snap shot by Jason Robertson.
12:28 of 2nd period - Stopped by Charlie Lindgren with a rebound.
12:30 of 2nd period - Snap shot by Phil McRae.
12:30 of 2nd period - Shot Blocked by Brett Connolly.
12:32 of 2nd period - Wrist shot by Emil Djuse.
12:32 of 2nd period - Shot Misses the Net.
12:54 of 2nd period - Wrist shot by Jason Robertson.
12:54 of 2nd period - Stopped by Charlie Lindgren without a rebound.
12:55 of 2nd period - Connor Hurley wins face-off versus Joe Labate in Sound Tigers zone.
14:18 of 2nd period - Simon Benoit is hit by Taro Hirose and loses puck.
14:31 of 2nd period - Wrist shot by Alex Belzile.
14:31 of 2nd period - Stopped by Garret Sparks without a rebound.
14:32 of 2nd period - Phil McRae wins face-off versus Rhett Gardner in Condors zone.
14:32 of 2nd period - Kailer Yamamoto is hit by Ben Thomson and loses puck.
15:37 of 2nd period - Alexander Yelesin is hit by Ryan McLeod and loses puck.
15:51 of 2nd period - Garret Pilon is hit by Gustav Olofsson and loses puck.
16:24 of 2nd period - Nick Shore is hit by Ben Thomson and loses puck.
16:35 of 2nd period - Snap shot by Adam Erne.
16:35 of 2nd period - Shot Misses the Net.
17:11 of 2nd period - Snap shot by Zac Leslie.
17:11 of 2nd period - Stopped by Charlie Lindgren with a rebound.
18:22 of 2nd period - Snap shot by Taro Hirose.
18:22 of 2nd period - Stopped by Charlie Lindgren with a rebound.
18:24 of 2nd period - Snap shot by Alexandre Carrier.
18:24 of 2nd period - Shot Blocked by Simon Benoit.
18:38 of 2nd period - Jakub Galvas is hit by Ryan McLeod and loses puck.
18:53 of 2nd period - Wrist shot by Jordan Greenway.
18:53 of 2nd period - Stopped by Garret Sparks with a rebound.
18:55 of 2nd period - Slapshot by Jakub Galvas.
18:55 of 2nd period - Stopped by Garret Sparks without a rebound.
18:56 of 2nd period - Phil McRae wins face-off versus Joe Labate in Condors zone.
Goals for this period are 1 for Condors vs 0 for Sound Tigers.
Shots for this period are 10 for Condors vs 9 for Sound Tigers.
3rd period
0:01 of 3rd period - Joe Labate wins face-off versus Nick Shore in neutral zone.
0:11 of 3rd period - Slapshot by Zac Leslie.
0:11 of 3rd period - Goal by Zac Leslie - Condors : 5 - Sound Tigers : 1.
0:12 of 3rd period - Joe Labate wins face-off versus Nick Shore in neutral zone.
0:48 of 3rd period - Snap shot by Phil McRae.
0:48 of 3rd period - Shot Misses the Net.
0:50 of 3rd period - Wrist shot by Phil McRae.
0:50 of 3rd period - Shot Misses the Net.
1:24 of 3rd period - Wrist shot by Patrik Laine.
1:24 of 3rd period - Stopped by Charlie Lindgren without a rebound.
1:25 of 3rd period - Nick Shore wins face-off versus Joe Labate in Sound Tigers zone.
1:32 of 3rd period - Slapshot by Adam Erne.
1:32 of 3rd period - Stopped by Charlie Lindgren without a rebound.
1:33 of 3rd period - Nick Shore wins face-off versus Joe Labate in Sound Tigers zone.
1:48 of 3rd period - Joe Labate is hit by Nick Shore and loses puck.
2:57 of 3rd period - Minor Penalty to Alexander Alexeyev for Roughing.
2:58 of 3rd period - Joe Labate wins face-off versus Adam Erne in Condors zone.
3:10 of 3rd period - Off-side.
3:11 of 3rd period - Joe Labate wins face-off versus Adam Erne in neutral zone.
3:16 of 3rd period - Snap shot by Austin Watson.
3:16 of 3rd period - Stopped by Garret Sparks with a rebound.
4:57 of 3rd period - Penalty to Alexander Alexeyev is over, Alexander Alexeyev is back on ice.
5:28 of 3rd period - Snap shot by Filip Zadina.
5:28 of 3rd period - Stopped by Garret Sparks with a rebound.
5:50 of 3rd period - Alex Belzile is hit by Jason Robertson and loses puck.
6:55 of 3rd period - Snap shot by Taro Hirose.
6:55 of 3rd period - Stopped by Charlie Lindgren with a rebound.
6:57 of 3rd period - Wrist shot by Taro Hirose.
6:57 of 3rd period - Stopped by Charlie Lindgren with a rebound.
7:09 of 3rd period - Wrist shot by Nick Shore.
7:09 of 3rd period - Stopped by Charlie Lindgren with a rebound.
7:43 of 3rd period - Icing by Brett Connolly.
7:44 of 3rd period - Kiefer Sherwood wins face-off versus Ben Johnson in Sound Tigers zone.
7:57 of 3rd period - Slapshot by Gabriel Carlsson.
7:57 of 3rd period - Stopped by Garret Sparks without a rebound.
7:58 of 3rd period - Nick Shore wins face-off versus Joe Labate in Condors zone.
7:58 of 3rd period - Nick Shore is hit by Joe Labate.
8:12 of 3rd period - Slapshot by Adam Erne.
8:12 of 3rd period - Goal by Adam Erne - Condors : 6 - Sound Tigers : 1.
8:13 of 3rd period - Nick Shore wins face-off versus Joe Labate in neutral zone.
8:16 of 3rd period - Slapshot by Alexandre Carrier.
8:16 of 3rd period - Deflect By Nick Shore.
8:16 of 3rd period - Shot Misses the Net.
8:16 of 3rd period - Puck is out of play.
8:17 of 3rd period - Joe Labate wins face-off versus Nick Shore in Sound Tigers zone.
8:17 of 3rd period - Joe Labate is hit by Patrik Laine.
8:53 of 3rd period - Snap shot by Phil McRae.
8:53 of 3rd period - Shot Misses the Net.
9:13 of 3rd period - Slapshot by Tyrell Goulbourne.
9:13 of 3rd period - Shot Misses the Net.
10:07 of 3rd period - Icing by Alex Belzile.
10:08 of 3rd period - Rhett Gardner wins face-off versus Kailer Yamamoto in Sound Tigers zone.
10:41 of 3rd period - Snap shot by Rhett Gardner.
10:41 of 3rd period - Shot Misses the Net.
11:23 of 3rd period - Wrist shot by Alex Belzile.
11:23 of 3rd period - Stopped by Garret Sparks with a rebound.
11:27 of 3rd period - Wrist shot by Rhett Gardner.
11:27 of 3rd period - Goal by Rhett Gardner - Condors : 6 - Sound Tigers : 2.
11:28 of 3rd period - Joe Labate wins face-off versus Nick Shore in neutral zone.
11:30 of 3rd period - Minor Penalty to Jordan Greenway for Tripping.
11:31 of 3rd period - Nick Shore wins face-off versus Joe Labate in Sound Tigers zone.
12:01 of 3rd period - Filip Zadina is hit by Philippe Myers and loses puck.
12:36 of 3rd period - Ben Johnson is hit by Gustav Olofsson and loses puck.
13:19 of 3rd period - Oliver Kylington is hit by Philippe Myers and loses puck.
13:30 of 3rd period - Penalty to Jordan Greenway is over, Jordan Greenway is back on ice.
15:25 of 3rd period - Taro Hirose is hit by Brett Connolly and loses puck.
15:43 of 3rd period - Slapshot by Adam Erne.
15:43 of 3rd period - Shot Misses the Net.
15:55 of 3rd period - Zac Leslie is hit by Garret Pilon and loses puck.
16:04 of 3rd period - Jakub Galvas is hit by Zac Leslie and loses puck.
16:17 of 3rd period - Zac Leslie is hit by Ben Johnson and loses puck.
16:22 of 3rd period - Slapshot by Oliver Kylington.
16:22 of 3rd period - Deflect By Tyrell Goulbourne.
16:22 of 3rd period - Stopped by Garret Sparks with a rebound.
16:24 of 3rd period - Snap shot by Ben Johnson.
16:24 of 3rd period - Deflect By Tyrell Goulbourne.
16:24 of 3rd period - Stopped by Garret Sparks with a rebound.
16:40 of 3rd period - Pontus Holmberg is hit by Ben Thomson and loses puck.
16:51 of 3rd period - Nick Shore is hit by Jordan Greenway and loses puck.
17:39 of 3rd period - Philippe Myers is hit by Rhett Gardner and loses puck.
17:52 of 3rd period - Wrist shot by Connor Hurley.
17:52 of 3rd period - Stopped by Charlie Lindgren without a rebound.
17:53 of 3rd period - Kailer Yamamoto wins face-off versus Joe Labate in Sound Tigers zone.
17:58 of 3rd period - Wrist shot by Phil McRae.
17:58 of 3rd period - Shot Misses the Net.
18:00 of 3rd period - Slapshot by Gustav Olofsson.
18:00 of 3rd period - Shot Misses the Net.
18:02 of 3rd period - Snap shot by Kailer Yamamoto.
18:02 of 3rd period - Shot Blocked by Simon Benoit.
18:08 of 3rd period - Snap shot by Jason Robertson.
18:08 of 3rd period - Shot Misses the Net.
18:18 of 3rd period - Snap shot by Pontus Holmberg.
18:18 of 3rd period - Shot Misses the Net.
18:20 of 3rd period - Wrist shot by Emil Djuse.
18:20 of 3rd period - Shot Misses the Net.
18:22 of 3rd period - Slapshot by Emil Djuse.
18:22 of 3rd period - Shot Misses the Net.
18:29 of 3rd period - Minor Penalty to Simon Benoit for Holding.
18:30 of 3rd period - Nick Shore wins face-off versus Joe Labate in Sound Tigers zone.
18:40 of 3rd period - Adam Erne is hit by Jordan Greenway and loses puck.
19:14 of 3rd period - Ben Johnson is hit by Philippe Myers and loses puck.
Goals for this period are 2 for Condors vs 1 for Sound Tigers.
Shots for this period are 8 for Condors vs 7 for Sound Tigers.